 Dungeon Crawl Stone Soup version 0.21-a0-257-gbb444f2 (webtiles) character file.

93 Pippin the Sneak (level 4, -3/24 HPs)
             Began as a Kobold Wanderer on Sept 6, 2017.
             Shot with an arrow by a centaur (5 damage)
             ... on level 4 of the Dungeon.
             The game lasted 00:06:19 (3148 turns).

Pippin the Sneak (Kobold Wanderer)                  Turns: 3148, Time: 00:06:20

Health: -3/24      AC:  5    Str: 10    XL:     4   Next: 91%
Magic:  14/14      EV: 14    Int: 14    God:
Gold:   183        SH:  0    Dex: 13    Spells: 3/5 levels left

rFire    . . .     SeeInvis .   a - +3 short sword
rCold    . . .     Gourm    .   (shield restricted)
rNeg     . . .     Faith    .   d - +0 robe
rPois    .         Spirit   .   (no helmet)
rElec    .         Reflect  .   (no cloak)
rCorr    .         Harm     .   v - +2 pair of gloves
MR       +....     Rnd*Tele +   (no boots)
Stlth    +++.......             (no amulet)
HPRegen  0.08/turn              s - ring of teleportation (curse)
MPRegen  0.14/turn              m - ring of magical power

@: very slightly contaminated, drained
A: carnivore 3, magic resistance 1, wild magic 1
a: no special abilities


You were on level 4 of the Dungeon.
You were completely stuffed.

You visited 1 branch of the dungeon, and saw 4 of its levels.

You collected 183 gold pieces.

Inventory:

Hand Weapons
 a - a +3 short sword (weapon)
Missiles
 k - 2 tomahawks (quivered)
Armour
 d - a +0 robe (worn)
 v - a +2 pair of gloves (worn)
Jewellery
 m - a ring of magical power (right hand)
 s - a cursed ring of teleportation (left hand)
Scrolls
 h - a scroll of fear {unknown}
 n - 2 scrolls of recharging
 p - 2 scrolls of enchant armour
 q - a scroll of magic mapping
 t - a scroll of remove curse {unknown}
Potions
 r - a potion of agility {unknown}
 u - a potion of curing {unknown}
 w - a potion of heal wounds {unknown}
Books
 b - the Handbook of Flight

   Spells                             Type                      Level
   a - Swiftness                      Charms/Air                   2
   b - Poisonous Vapours              Poison/Air                   2
 c - the Disquisition on the Traveller

   Spells                             Type                      Level
   a - Apportation                    Translocation                1
   b - Teleport Other                 Translocation                3
Comestibles
 f - a meat ration
 j - a royal jelly


   Skills:
 - Level 3.4(3.3) Short Blades
 - Level 1.2(1.1) Dodging
 + Level 4.3(4.2) Stealth
 - Level 1.1(1.0) Spellcasting
   Level 3.0(2.9) Necromancy
 * Level 2.2(2.1) Air Magic
   Level 1.0(0.9) Earth Magic
   Level 1.2(1.1) Evocations


You had 3 spell levels left.
You knew the following spells:

 Your Spells              Type           Power        Failure   Level  Hunger
a - Swiftness             Chrm/Air       #.......     34%         2    ###....


Dungeon Overview and Level Annotations

Branches:
Dungeon (4/15)
 Temple: D:4-7

Altars:
Nemelex Xobeh


Innate Abilities, Weirdness & Mutations

You are small and have problems with some larger weapons.
You are carnivorous and can eat meat at any time.
You are resistant to hostile enchantments. (MR+)
Your spells are a little harder to cast, but a little more powerful.


Message History

The orc priest hits you with a dagger.
* * * LOW HITPOINT WARNING * * *
An orc priest comes into view. It is wielding a flail.
You see here a black potion.
An adder and an orc wizard come into view.
The orc wizard is wielding a dagger of speed.
You flicker for a moment.
An orc comes into view. It is wielding a mace.
You flicker back into view.
A centaur comes into view.
Found a stone staircase leading down.
The centaur wields a shortbow.
The centaur shoots an arrow.
The arrow misses you.
The centaur shoots an arrow.
The arrow hits you.
* * * LOW HITPOINT WARNING * * *
It was a potion of mutation.
You feel extremely strange.
You feel less in control of your magic.
You feel resistant to hostile enchantments.
The centaur shoots an arrow.
The arrow hits you.
You die...

>.# #.#.#####.##.# #.#
#.# #.#.#.# #c# #.#
...##.#. #.# #.#
.....#.#.. #.#
#.#o##S...##..
######.###.#.#####.#...
#.............# # ##..
#.####.###.#o#.# ##.
#@# #..... ## #(#
#.#.#.# # #.# ##...## o
... . ## .. ..# ## ###
####


You could see a centaur.

Vanquished Creatures
  3 adders (D:2)
  A worm (D:2)
  4 dart slugs
  A leopard gecko (D:1)
  An orc (D:3)
  6 bats
  2 giant cockroaches
  6 goblins
  4 hobgoblins
  6 jackals
  2 quokkas
  4 frilled lizards
  6 kobolds
  7 rats
53 creatures vanquished.

Notes
Turn   | Place    | Note
-------+----------+-------------------------------------------
     0 | D:1      | Pippin the Kobold Wanderer began the quest for the Orb.
     0 | D:1      | Pippin set off with: a +2 short sword, the Handbook of Flight, the Disquisition on the Traveller, a +0 robe, a meat ration
     0 | D:1      | Reached XP level 1. HP: 10/10 MP: 2/2
     0 | D:1      | Identified the Handbook of Flight
     0 | D:1      | Identified the Disquisition on the Traveller
    68 | D:1      | Reached skill level 2 in Stealth
    85 | D:1      | Reached XP level 2. HP: 15/15 MP: 3/3
   103 | D:1      | Learned a level 2 spell: Swiftness
   339 | D:1      | Reached skill level 3 in Stealth
   358 | D:1      | Reached XP level 3. HP: 19/19 MP: 4/4
  1318 | D:2      | Found a sparkling altar of Nemelex Xobeh.
  1358 | D:2      | Reached skill level 1 in Air Magic
  1511 | D:2      | Reached XP level 4. HP: 20/24 MP: 5/5
  1607 | D:2      | Reached skill level 4 in Stealth
  2613 | D:2      | Found a sparkling altar of Nemelex Xobeh.
  3145 | D:4      | Noticed a centaur
  3148 | D:4      | Gained mutation: Your spells are a little harder to cast, but a little more powerful. [potion of mutation]
  3148 | D:4      | Gained mutation: You are resistant to hostile enchantments. (MR+) [potion of mutation]
  3148 | D:4      | Shot with an arrow by a centaur

Vault maps used:
D:1:      nzn_arrival_crosshair, patterned_corridor
D:2:      nemelex_xobeh_ov_fountains_minmay
D:3:      old_standard_altar, first_bread
D:4:      temple_hall

Skill      XL: |  1  2  3  4 |
---------------+-------------+-----
Stealth        | 2 3 4 |  4.3
Short Blades   | 3 |  3.4
Air Magic      | 1 2 |  2.2
Dodging        | |  1.2
Spellcasting   | |  1.1
Necromancy     | |  3.0
Earth Magic    | |  1.0
Evocations     | |  1.2

Action                   |  1- 3 |  4- 6 || total
-------------------------+-------+-------++-------
Melee: Short sword       |    93 |    51 ||   144
  Use: Scroll            |       |     7 ||     7
       Potion            |       |     3 ||     3
 Stab: Sleeping          |     5 |     4 ||     9
       Distracted        |       |     1 ||     1
  Eat: Chunk             |    10 |     5 ||    15
Armor: Robe              |    24 |     7 ||    31
Dodge: Dodged            |    92 |    39 ||   131

Table legend:
 A = Spawn XP
 B = Non-spawn XP
 C = Spawn XP percentage of total XP
 D = Spawn monster count
 E = Non-spawn monster count
 F = Spawn count percentage of total count
 G = Total turns spent on level
                    A         B        C        D         E        F      G
               +---------+---------+-------+---------+---------+-------+---------
         Total |       0 |     133 |   0.0 |       0 |      53 |   0.0 |  3148
               +---------+---------+-------+---------+---------+-------+---------
           D:1 |       0 |      43 |   0.0 |       0 |      26 |   0.0 |  1313
           D:2 |       0 |      79 |   0.0 |       0 |      22 |   0.0 |  1361
           D:3 |       0 |      11 |   0.0 |       0 |       5 |   0.0 |   421
               +---------+---------+-------+---------+---------+-------+---------
